 Dungeon Crawl Stone Soup version 0.17.0-57-g0e89251 (webtiles) character file.

37 ventricule the Sneak (level 3, -3/21 HPs)
             Began as a Kobold Assassin on Dec 8, 2015.
             Killed from afar by Sigmund (8 damage)
             ... with a puff of flame
             ... on level 2 of the Dungeon.
             The game lasted 00:03:15 (1270 turns).

ventricule the Sneak (Kobold Assassin)              Turns: 1270, Time: 00:03:15

Health: -3/21      AC:  4    Str: 10    XL:     3   Next: 60%
Magic:  3/3        EV: 14    Int:  9    God:
Gold:   54         SH:  0    Dex: 17    Spells: 0 memorised, 2 levels left

rFire  . . .     SeeInvis .     a - +2 dagger
rCold  . . .     Clarity  .     c - +0 robe
rNeg   . . .     SustAt   .     (shield restricted)
rPois  .         Gourm    .     j - +0 helmet
rElec  .         Spirit   .     d - +0 cloak
rCorr  .         Warding  .     (no gloves)
rMut   .         Stasis   .     (no boots)
MR     .....                    (no amulet)
Stlth  +++.......               (no ring)
                                (no ring)

@: not resistant to hostile enchantments, fairly stealthy
A: carnivore 3
a: no special abilities


You were on level 2 of the Dungeon.
You were not hungry.

You visited 1 branch of the dungeon, and saw 2 of its levels.

You collected 54 gold pieces.


Innate Abilities, Weirdness & Mutations

You are small and have problems with some larger weapons.
You are carnivorous and can eat meat at any time.


   Skills:
 - Level 2.1 Fighting
 + Level 4.9 Short Blades
 - Level 2.1 Throwing
 - Level 1.2 Dodging
 - Level 5.3 Stealth


You had 2 spell levels left.
You didn't know any spells.

Inventory:

Hand Weapons
 a - a +2 dagger (weapon)
 b - a +0 blowgun
Missiles
 e - 23 poisoned needles
 f - a curare-tipped needle {=f}
 k - 4 needles of paralysis
Armour
 c - a +0 robe (worn)
 d - a +0 cloak (worn)
 j - a +0 helmet (worn)
Scrolls
 i - a scroll of teleportation {unknown}
 l - a scroll of identify {unknown}
 m - a scroll of fear {unknown}
Potions
 h - a potion of curing {@q1}
 n - a potion of cancellation
Comestibles
 g - a meat ration

Dungeon Overview and Level Annotations

Branches:
Dungeon (2/15)

Altars:

Annotations:
D:2 Sigmund

▒.▒▒.......▒ ▒.▒▒.▒▒▒...▒
▒.▒▒.▒<▒...▒▒▒▒▒▒
.▒.▒▒▒▒▒▒.▒▒.▒.▒...>....▒
........<.▒▒.▒†▒..▒▒▒▒▒.▒
▒.▒▒▒▒.▒▒▒▒.▒.▒{.▒ ▒.
▒...▒▒.▒.▒..▒
▒.▒▒▒▒▒▒......▒..▒
▒........▒▒▒..K..▒
▒▒.▒▒▒...▒.▒.....▒
▒..▒▒.▒▒▒.▒▒▒.▒.▒
▒....▒.....▒...▒
▒..▒▒▒.▒▒▒.▒▒▒.▒ ▒..▒(..▒
▒.....▒ ▒..▒▒▒.▒▒▒.▒▒▒†▒
▒....▒.....▒...▒
▒....▒▒▒.▒▒▒.▒▒▒


There were no monsters in sight!


Message History

Firing (i - inventory. (,) - cycle):
k - 6 needles of paralysis
Aim: Sigmund, wielding a scythe and wearing a robe (heavily wounded, slow, poisoned)
You shoot a needle of paralysis.
The needle of paralysis barely misses Sigmund.
Firing (i - inventory. (,) - cycle):
k - 5 needles of paralysis (quivered)
Aim: Sigmund, wielding a scythe and wearing a robe (heavily wounded, slow, poisoned)
You shoot a needle of paralysis. The needle of paralysis hits Sigmund.
Sigmund suddenly stops moving!
Sigmund is heavily wounded.
Sigmund is no longer paralysed.
Sigmund hits you with a scythe.
Wield which item (- for none, * to show all)? (? for menu, Esc to quit)
a - a +2 dagger (weapon)
Sigmund mumbles some strange words.
Sigmund flickers and vanishes!
Deactivating autopickup; reactivate with Ctrl-A.
You are confused.
You're too confused to move!
You bump into the rock wall.
You feel less confused.
You hear some strange, mumbled words.
Something tries to affect you, but you resist.
You are confused.
A magic dart appears from out of thin air!
The magic dart hits you! Something hits you!
* * * LOW HITPOINT WARNING * * *
You feel less confused.
A puff of flame appears from out of thin air!
The puff of flame hits you!
You die...

Action                   || total
-------------------------++-------
Melee: Dagger            ||   106
 Fire: Blowgun           ||     5
  Use: Potion            ||     2
 Stab: Sleeping          ||     3
       Distracted        ||     1
  Eat: Chunk             ||     4

Vault maps used:
D:1:      ncdulo_wetmaze, supply_closet_lemuel, roderic_digamma_sauvastika
D:2:      lemuel_upstairs_altar, cheibriados_altar_1, minmay_quantized,
          uniq_sigmund

Notes
Turn   | Place    | Note
--------------------------------------------------------------
     0 | D:1      | ventricule the Kobold Assassin began the quest for the Orb.
     0 | D:1      | Reached XP level 1. HP: 12/12 MP: 1/1
    42 | D:1      | Reached skill level 3 in Short Blades
   114 | D:1      | Reached XP level 2. HP: 17/17 MP: 2/2
   596 | D:1      | Reached skill level 4 in Short Blades
   845 | D:2      | Reached XP level 3. HP: 14/21 MP: 3/3
  1234 | D:2      | Noticed Sigmund
  1270 | D:2      | Killed from afar by Sigmund

Vanquished Creatures
  An adder (D:2)
  2 worms (D:2)
  4 bats
  3 giant cockroaches
  3 goblins
  A hobgoblin (D:1)
  4 jackals (D:1)
  A kobold (D:1)
  A rat (D:2)
20 creatures vanquished.
